MapleLeafs vs RedWings

Created - April 5, 2017 at 17:59

Goals
1 2 3 T
MapleLeafs 1 1 0 2
RedWings 2 1 0 3
Shots
1 2 3 T
MapleLeafs 7 12 6 25
RedWings 20 13 11 44

1st period

1. RedWings , David Pastrnak 24 (Loui Eriksson, Sean Monahan) at 11:23
2. RedWings , Paul Martin 4 (Sean Monahan, Jonathan Drouin) at 18:04 (PP)
3. MapleLeafs , Joffrey Lupul 14 (Nick Leddy, Riley Sheahan) at 19:44

Penalties :
Richard Panik (TOR) for Holding (Minor) at 6:57, Jonathan Marchessault (TOR) for Hooking (Minor) at 17:46

2nd period

4. RedWings , Andrew Cogliano 11 (Vincent Lecavalier) at 13:01
5. MapleLeafs , Andreas Athanasiou 6 (Scott Laughton) at 14:18

Penalties :
Eric Gelinas (TOR) for Roughing (Minor) at 2:54, Erik Haula (DET) for Hooking (Minor) at 18:10

3rd period

No Goal

Penalties :
Eric Gelinas (TOR) for Delaying the game (Minor) at 1:17, Filip Forsberg (DET) for Holding (Minor) at 5:07, Jamie Oleksiak (TOR) for Hooking (Minor) at 8:59, Milan Lucic (TOR) for Elbowing (Minor) at 14:35

Goalie Stats

Keith Kinkaid (TOR), 41 saves from 44 shots - (0.932), L, 12-10-3, 59:00 minutes
Mike Condon (DET), 23 saves from 25 shots - (0.920), W, 21-15-1, 60:00 minutes

Players Stats for MapleLeafs

Player Name              G  A  P  +/- PIM S  H  SB GA TA FO     MP     PP MP  PK MP  
------------------------------------------------------------------------------------
Alexei Emelin            0  0  0   0  0   1  5  1  0  0  0/0    23:13   1:48   4:34 
Andreas Athanasiou       1  0  1   0  0   2  0  0  0  0  0/1     7:00   0:00   0:33 
Anthony Mantha           0  0  0   0  0   0  1  0  0  0  0/0     6:27   0:00   0:00 
Brent Seabrook           0  0  0   0  0   1  0  2  0  0  0/0    23:15   1:48   4:36 
David Backes             0  0  0   0  0   3  3  1  0  0  18/30  22:32   1:48   6:10 
Eric Gelinas             0  0  0   0  4   0  1  1  0  0  0/0    14:43   0:00   0:18 
Jamie Oleksiak           0  0  0   0  2   0  7  0  0  0  0/0    14:46   0:00   0:20 
Jay Beagle               0  0  0   0  0   4  0  1  0  0  1/4    16:22   1:48   0:00 
Joffrey Lupul            1  0  1   1  0   1  0  0  0  0  1/2    10:21   0:00   0:00 
Jonathan Marchessault    0  0  0  -1  2   1  0  0  0  0  1/1    16:36   2:10   0:00 
Joonas Donskoi           0  0  0  -1  0   3  0  0  0  0  1/3    16:37   2:10   0:00 
Kris Russell             0  0  0   0  0   1  0  1  0  0  0/0    22:00   2:10   5:19 
Mikael Backlund          0  0  0  -1  0   0  0  2  0  0  9/16   21:43   2:10   5:06 
Milan Lucic              0  0  0   0  2   3  2  0  0  0  0/3    18:58   1:48   2:37 
Nick Leddy               0  1  1   0  0   0  1  3  0  0  0/0    22:00   2:10   5:19 
Richard Panik            0  0  0   1  2   1  1  1  0  0  0/0    10:20   0:00   0:00 
Riley Sheahan            0  1  1   1  0   4  0  1  0  0  2/9    13:51   0:00   3:30 
Scott Laughton           0  1  1   0  0   0  1  0  0  0  4/8     8:57   0:00   2:30 

Players Stats for RedWings

Player Name              G  A  P  +/- PIM S  H  SB GA TA FO     MP     PP MP  PK MP  
------------------------------------------------------------------------------------
Andrew Campbell          0  0  0  -1  0   1  1  0  0  0  0/0    21:59   4:45   2:07 
Andrew Cogliano          1  0  1   1  0   1  2  0  0  0  0/0     7:46   0:00   0:00 
David Pastrnak           1  0  1   1  0   6  1  0  0  0  0/1    19:49   6:14   0:00 
Eric Gryba               0  0  0   2  0   1  1  1  0  0  0/0    18:18   4:45   1:14 
Erik Haula               0  0  0  -2  2   7  0  1  0  0  1/3    15:18   3:59   0:40 
Filip Forsberg           0  0  0   0  2   6  2  0  0  0  2/5    19:21   3:16   1:31 
Jake Gardiner            0  0  0   2  0   0  0  0  0  0  0/0    15:28   1:44   0:38 
Jonathan Drouin          0  1  1   0  0   3  0  0  0  0  1/2    18:46   4:11   0:00 
Kevin Connauton          0  0  0  -1  0   4  2  0  0  0  0/0    19:19   4:19   2:12 
Loui Eriksson            0  1  1   1  0   2  0  0  0  0  1/3    16:50   1:16   1:12 
Micheal Ferland          0  0  0   1  0   0  1  0  0  0  1/2     9:18   2:19   0:00 
Mikhail Grabovski        0  0  0  -2  0   1  0  0  0  0  7/10    9:53   0:00   0:00 
Paul Martin              1  0  1  -1  0   2  2  0  0  0  0/0    26:05   4:10   1:13 
Sean Monahan             0  2  2   1  0   3  0  0  0  0  14/22  22:35   6:14   2:46 
Sven Andrighetto         0  0  0  -2  0   0  0  0  0  0  1/1     9:53   0:00   0:00 
Thomas Hickey            0  0  0  -1  0   3  0  1  0  0  0/0    18:51   0:43   0:32 
Tyler Toffoli            0  0  0   0  0   3  0  0  0  0  8/22   18:08   2:41   0:52 
Vincent Lecavalier       0  1  1   1  0   1  1  0  0  0  4/6     8:23   0:29   0:55 

3 Stars

1 - Andrew Cogliano (DET)
2 - David Pastrnak (DET)
3 - Sean Monahan (DET)

Power Play

MapleLeafs - 0 on 2 Attempt(s) - 0.00%
RedWings - 1 on 6 Attempt(s) - 16.67%

Penalty Kill

MapleLeafs - 5 on 6 Attempt(s) - 83.33% - Score 0 goal in Penalty Kill
RedWings - 2 on 2 Attempt(s) - 100.00% - Score 0 goal in Penalty Kill

Team Stat

MapleLeafs - Hits : 22 - Faceoff Wins : 37 - Blocked Shots : 14 - Penalty Minutes : 12
RedWings - Hits : 13 - Faceoff Wins : 40 - Blocked Shots : 3 - Penalty Minutes : 4

Official

Referees : Tom Chmielewski and Francois StLaurent
Linesman : Brian Murphy and Trent Knorr

Game Notes

No Game Note

Finance

Level 1 -- Attendance: 6129 (94.29%) -- Ticket Income $410,643
Level 2 -- Attendance: 4912 (98.24%) -- Ticket Income $245,600
Level 3 -- Attendance: 3409 (97.40%) -- Ticket Income $92,043
Level 4 -- Attendance: 2880 (71.52%) -- Ticket Income $23,040
Luxury Box -- Attendance: 1000 (100.00%) -- Ticket Income $130,000
Game was played at the Joe Louis Arena.
Total Attendance: 18330 (91.53%)
Total Ticket Income: $901,326
Other Income: $135,199
Total Income: $1,036,525

% Time on Ice - MapleLeafs

Lines # - Real PCT - Wanted PCT - Time Play
Normal Forward
1 - 31% - 34% - 13:47
2 - 32% - 32% - 14:27
3 - 23% - 21% - 10:21
4 - 14% - 13% - 6:27
Normal Defense
1 - 36% - 36% - 16:04
2 - 32% - 34% - 14:31
3 - 32% - 30% - 14:27
4 - 0% - 0% - 0:00
PP Forward
1 - 45% - 60% - 1:48
2 - 55% - 40% - 2:10
PP Defense
1 - 45% - 60% - 1:48
2 - 55% - 40% - 2:10
PK Forward
1 - 66% - 60% - 6:43
2 - 34% - 40% - 3:30
PK Defense
1 - 48% - 60% - 4:54
2 - 52% - 40% - 5:19
PK3 Forward
1 - 0% - 60%
2 - 0% - 40%
PK3 Defense
1 - 0% - 60%
2 - 0% - 40%
44 Forward
1 - 0% - 60%
2 - 0% - 40%
44 Defense
1 - 0% - 60%
2 - 0% - 40%
Last Minute Offensive  - 0:47
Last Minute Defensive  - 0:00
Total
Forward - 60:00
Defense - 60:00

% Time on Ice - RedWings

Lines # - Real PCT - Wanted PCT - Time Play
Normal Forward
1 - 30% - 35% - 13:35
2 - 32% - 35% - 14:35
3 - 22% - 20% - 9:53
4 - 16% - 10% - 6:59
Normal Defense
1 - 33% - 40% - 15:04
2 - 28% - 30% - 12:48
3 - 27% - 20% - 12:19
4 - 11% - 10% - 4:51
PP Forward
1 - 61% - 60% - 6:14
2 - 39% - 40% - 3:59
PP Defense
1 - 46% - 60% - 4:45
2 - 54% - 40% - 5:28
PK Forward
1 - 78% - 60% - 3:06
2 - 22% - 40% - 0:52
PK Defense
1 - 50% - 60% - 1:59
2 - 50% - 40% - 1:59
PK3 Forward
1 - 0% - 60%
2 - 0% - 40%
PK3 Defense
1 - 0% - 60%
2 - 0% - 40%
44 Forward
1 - 0% - 60%
2 - 0% - 40%
44 Defense
1 - 0% - 60%
2 - 0% - 40%
Last Minute Offensive  - 0:00
Last Minute Defensive  - 0:47
Total
Forward - 60:00
Defense - 60:00

Play by Play

1st period


0:01 of 1st period - Sean Monahan wins face-off versus Jay Beagle in neutral zone.
0:16 of 1st period - Shot by Alexei Emelin.
0:16 of 1st period - Stopped by Mike Condon without a rebound.
0:17 of 1st period - Tyler Toffoli wins face-off versus Mikael Backlund in RedWings zone.
0:24 of 1st period - Shot by Filip Forsberg.
0:24 of 1st period - Stopped by Keith Kinkaid without a rebound.
0:25 of 1st period - Erik Haula wins face-off versus Riley Sheahan in MapleLeafs zone.
0:25 of 1st period - Erik Haula is hit by Jamie Oleksiak.
1:03 of 1st period - Shot by Riley Sheahan.
1:03 of 1st period - Stopped by Mike Condon without a rebound.
1:04 of 1st period - Mikael Backlund wins face-off versus Tyler Toffoli in RedWings zone.
1:43 of 1st period - Icing by Kris Russell.
1:44 of 1st period - Mikael Backlund wins face-off versus Loui Eriksson in MapleLeafs zone.
2:07 of 1st period - David Backes is hit by Paul Martin and loses puck.
2:13 of 1st period - Jay Beagle is hit by Andrew Campbell and loses puck.
4:00 of 1st period - Jonathan Drouin is hit by Eric Gelinas and loses puck.
4:16 of 1st period - Jonathan Drouin is hit by Jamie Oleksiak and loses puck.
5:37 of 1st period - Shot by Loui Eriksson.
5:37 of 1st period - Stopped by Keith Kinkaid without a rebound.
5:38 of 1st period - Vincent Lecavalier wins face-off versus David Backes in MapleLeafs zone.
6:19 of 1st period - Shot by Jay Beagle.
6:19 of 1st period - Shot Misses the Net.
6:57 of 1st period - Minor Penalty to Richard Panik for Holding.
6:58 of 1st period - Sean Monahan wins face-off versus David Backes in MapleLeafs zone.
8:19 of 1st period - Shot by Tyler Toffoli.
8:19 of 1st period - Stopped by Keith Kinkaid with a rebound.
8:21 of 1st period - Shot by Erik Haula.
8:21 of 1st period - Stopped by Keith Kinkaid without a rebound.
8:22 of 1st period - Tyler Toffoli wins face-off versus Milan Lucic in MapleLeafs zone.
9:11 of 1st period - Shot by Riley Sheahan.
9:11 of 1st period - Stopped by Mike Condon without a rebound.
9:12 of 1st period - Sean Monahan wins face-off versus Scott Laughton in RedWings zone.
10:21 of 1st period - Shot by Vincent Lecavalier.
10:21 of 1st period - Stopped by Keith Kinkaid with a rebound.
10:33 of 1st period - Shot by Andrew Cogliano.
10:33 of 1st period - Shot Misses the Net.
10:35 of 1st period - Shot by Eric Gryba.
10:35 of 1st period - Stopped by Keith Kinkaid without a rebound.
10:36 of 1st period - Tyler Toffoli wins face-off versus Jay Beagle in MapleLeafs zone.
10:55 of 1st period - Shot by Filip Forsberg.
10:55 of 1st period - Deflect By Tyler Toffoli.
10:55 of 1st period - Shot Blocked by Jay Beagle.
11:03 of 1st period - Shot by Filip Forsberg.
11:03 of 1st period - Shot Misses the Net.
11:07 of 1st period - Shot by Filip Forsberg.
11:07 of 1st period - Stopped by Keith Kinkaid without a rebound.
11:08 of 1st period - Mikhail Grabovski wins face-off versus Mikael Backlund in MapleLeafs zone.
11:15 of 1st period - Shot by Erik Haula.
11:15 of 1st period - Stopped by Keith Kinkaid without a rebound.
11:16 of 1st period - Sean Monahan wins face-off versus Mikael Backlund in MapleLeafs zone.
11:23 of 1st period - Shot by David Pastrnak.
11:23 of 1st period - Goal by David Pastrnak - MapleLeafs : 0 - RedWings : 1.
11:24 of 1st period - Mikael Backlund wins face-off versus Tyler Toffoli in neutral zone.
11:42 of 1st period - Shot by Filip Forsberg.
11:42 of 1st period - Shot Misses the Net.
11:48 of 1st period - Shot by Tyler Toffoli.
11:48 of 1st period - Stopped by Keith Kinkaid without a rebound.
11:49 of 1st period - Sean Monahan wins face-off versus David Backes in MapleLeafs zone.
12:16 of 1st period - Shot by Loui Eriksson.
12:16 of 1st period - Shot Misses the Net.
12:18 of 1st period - Shot by Loui Eriksson.
12:18 of 1st period - Shot Misses the Net.
14:05 of 1st period - Icing by Erik Haula.
14:06 of 1st period - Mikhail Grabovski wins face-off versus Riley Sheahan in RedWings zone.
14:24 of 1st period - Shot by Mikhail Grabovski.
14:24 of 1st period - Stopped by Keith Kinkaid without a rebound.
14:25 of 1st period - David Backes wins face-off versus Vincent Lecavalier in MapleLeafs zone.
14:25 of 1st period - David Backes is hit by Vincent Lecavalier.
14:30 of 1st period - Milan Lucic is hit by Andrew Cogliano.
14:40 of 1st period - Shot by Milan Lucic.
14:40 of 1st period - Stopped by Mike Condon without a rebound.
14:41 of 1st period - Riley Sheahan wins face-off versus Tyler Toffoli in RedWings zone.
15:01 of 1st period - Icing by Riley Sheahan.
15:02 of 1st period - Sean Monahan wins face-off versus Riley Sheahan in MapleLeafs zone.
16:00 of 1st period - Loui Eriksson is hit by David Backes and loses puck.
16:34 of 1st period - Icing by Nick Leddy.
16:35 of 1st period - Mikael Backlund wins face-off versus Tyler Toffoli in MapleLeafs zone.
16:42 of 1st period - Icing by Tyler Toffoli.
16:43 of 1st period - Tyler Toffoli wins face-off versus Riley Sheahan in RedWings zone.
16:56 of 1st period - Shot by Filip Forsberg.
16:56 of 1st period - Shot Misses the Net.
16:58 of 1st period - Shot by Filip Forsberg.
16:58 of 1st period - Shot Misses the Net.
17:00 of 1st period - Shot by Thomas Hickey.
17:00 of 1st period - Stopped by Keith Kinkaid without a rebound.
17:01 of 1st period - Mikhail Grabovski wins face-off versus Mikael Backlund in MapleLeafs zone.
17:01 of 1st period - Mikhail Grabovski is hit by Jamie Oleksiak.
17:03 of 1st period - Shot by Erik Haula.
17:03 of 1st period - Stopped by Keith Kinkaid with a rebound.
17:09 of 1st period - Shot by Erik Haula.
17:09 of 1st period - Shot Misses the Net.
17:46 of 1st period - Minor Penalty to Jonathan Marchessault for Hooking.
17:47 of 1st period - David Backes wins face-off versus David Pastrnak in MapleLeafs zone.
17:58 of 1st period - Shot by Jonathan Drouin.
17:58 of 1st period - Stopped by Keith Kinkaid with a rebound.
18:02 of 1st period - Shot by Sean Monahan.
18:02 of 1st period - Stopped by Keith Kinkaid with a rebound.
18:04 of 1st period - Shot by Paul Martin.
18:04 of 1st period - Goal by Paul Martin - MapleLeafs : 0 - RedWings : 2.
18:05 of 1st period - Micheal Ferland wins face-off versus Joffrey Lupul in neutral zone.
18:26 of 1st period - Shot by Micheal Ferland.
18:26 of 1st period - Shot Misses the Net.
18:28 of 1st period - Shot by Kevin Connauton.
18:28 of 1st period - Stopped by Keith Kinkaid with a rebound.
18:30 of 1st period - Shot by Thomas Hickey.
18:30 of 1st period - Shot Blocked by Richard Panik.
18:32 of 1st period - Shot by Thomas Hickey.
18:32 of 1st period - Stopped by Keith Kinkaid with a rebound.
18:34 of 1st period - Shot by Kevin Connauton.
18:34 of 1st period - Stopped by Keith Kinkaid without a rebound.
18:35 of 1st period - David Backes wins face-off versus Jonathan Drouin in MapleLeafs zone.
18:42 of 1st period - Tyler Toffoli is hit by Milan Lucic and loses puck.
19:00 of 1st period - Shot by Jay Beagle.
19:00 of 1st period - Stopped by Mike Condon without a rebound.
19:01 of 1st period - Joonas Donskoi wins face-off versus Sean Monahan in RedWings zone.
19:13 of 1st period - Shot by David Pastrnak.
19:13 of 1st period - Stopped by Keith Kinkaid without a rebound.
19:14 of 1st period - Mikhail Grabovski wins face-off versus Riley Sheahan in MapleLeafs zone.
19:34 of 1st period - Joffrey Lupul is hit by Kevin Connauton.
19:44 of 1st period - Shot by Joffrey Lupul.
19:44 of 1st period - Goal by Joffrey Lupul - MapleLeafs : 1 - RedWings : 2.
19:45 of 1st period - David Backes wins face-off versus Tyler Toffoli in neutral zone.
19:54 of 1st period - Shot by David Backes.
19:54 of 1st period - Stopped by Mike Condon with a rebound.
19:56 of 1st period - Shot by Brent Seabrook.
19:56 of 1st period - Shot Misses the Net.
Goals for this period are 1 for MapleLeafs vs 2 for RedWings.
Shots for this period are 7 for MapleLeafs vs 20 for RedWings.

2nd period


0:01 of 2nd period - Jay Beagle wins face-off versus Tyler Toffoli in neutral zone.
0:04 of 2nd period - Filip Forsberg is hit by David Backes and loses puck.
0:34 of 2nd period - Shot by Filip Forsberg.
0:34 of 2nd period - Stopped by Keith Kinkaid with a rebound.
1:13 of 2nd period - Mikael Backlund is hit by Filip Forsberg and loses puck.
2:35 of 2nd period - Shot by Richard Panik.
2:35 of 2nd period - Stopped by Mike Condon without a rebound.
2:36 of 2nd period - David Backes wins face-off versus Sean Monahan in RedWings zone.
2:43 of 2nd period - Brent Seabrook is hit by David Pastrnak and loses puck.
2:52 of 2nd period - Shot by David Pastrnak.
2:52 of 2nd period - Stopped by Keith Kinkaid without a rebound.
2:53 of 2nd period - Sven Andrighetto wins face-off versus Mikael Backlund in MapleLeafs zone.
2:53 of 2nd period - Sven Andrighetto is hit by Jamie Oleksiak.
2:54 of 2nd period - Minor Penalty to Eric Gelinas for Roughing.
2:55 of 2nd period - David Backes wins face-off versus Sean Monahan in MapleLeafs zone.
3:37 of 2nd period - Shot by Kevin Connauton.
3:37 of 2nd period - Stopped by Keith Kinkaid without a rebound.
3:38 of 2nd period - Sean Monahan wins face-off versus Milan Lucic in MapleLeafs zone.
4:24 of 2nd period - Shot by Erik Haula.
4:24 of 2nd period - Stopped by Keith Kinkaid without a rebound.
4:25 of 2nd period - Vincent Lecavalier wins face-off versus Milan Lucic in MapleLeafs zone.
4:46 of 2nd period - Shot by Erik Haula.
4:46 of 2nd period - Shot Misses the Net.
4:54 of 2nd period - Shot by Loui Eriksson.
4:54 of 2nd period - Shot Misses the Net.
4:56 of 2nd period - Shot by Mikhail Grabovski.
4:56 of 2nd period - Shot Misses the Net.
4:58 of 2nd period - Shot by Mikhail Grabovski.
4:58 of 2nd period - Shot Misses the Net.
5:16 of 2nd period - Shot by Sven Andrighetto.
5:16 of 2nd period - Shot Blocked by Eric Gelinas.
5:18 of 2nd period - Shot by Mikhail Grabovski.
5:18 of 2nd period - Shot Misses the Net.
5:20 of 2nd period - Shot by Erik Haula.
5:20 of 2nd period - Stopped by Keith Kinkaid with a rebound.
5:22 of 2nd period - Shot by Erik Haula.
5:22 of 2nd period - Stopped by Keith Kinkaid without a rebound.
5:23 of 2nd period - Vincent Lecavalier wins face-off versus Riley Sheahan in MapleLeafs zone.
5:51 of 2nd period - Shot by Riley Sheahan.
5:51 of 2nd period - Stopped by Mike Condon without a rebound.
5:52 of 2nd period - Tyler Toffoli wins face-off versus Scott Laughton in RedWings zone.
5:52 of 2nd period - Tyler Toffoli is hit by Anthony Mantha.
5:55 of 2nd period - Thomas Hickey is hit by Alexei Emelin and loses puck.
6:01 of 2nd period - Kevin Connauton is hit by Scott Laughton and loses puck.
6:08 of 2nd period - Shot by Filip Forsberg.
6:08 of 2nd period - Stopped by Keith Kinkaid without a rebound.
6:09 of 2nd period - Sean Monahan wins face-off versus David Backes in MapleLeafs zone.
6:42 of 2nd period - Shot by David Backes.
6:42 of 2nd period - Stopped by Mike Condon without a rebound.
6:43 of 2nd period - Tyler Toffoli wins face-off versus Joonas Donskoi in RedWings zone.
6:51 of 2nd period - Icing by Alexei Emelin.
6:52 of 2nd period - Mikael Backlund wins face-off versus Mikhail Grabovski in MapleLeafs zone.
7:13 of 2nd period - Shot by Joonas Donskoi.
7:13 of 2nd period - Stopped by Mike Condon without a rebound.
7:14 of 2nd period - Sean Monahan wins face-off versus David Backes in RedWings zone.
7:20 of 2nd period - Icing by Kris Russell.
7:21 of 2nd period - Sean Monahan wins face-off versus David Backes in MapleLeafs zone.
7:34 of 2nd period - Shot by David Pastrnak.
7:34 of 2nd period - Stopped by Keith Kinkaid with a rebound.
7:38 of 2nd period - Shot by David Pastrnak.
7:38 of 2nd period - Stopped by Keith Kinkaid without a rebound.
7:39 of 2nd period - Jonathan Marchessault wins face-off versus Tyler Toffoli in MapleLeafs zone.
7:50 of 2nd period - Brent Seabrook is hit by Filip Forsberg and loses puck.
7:56 of 2nd period - Jonathan Drouin is hit by Alexei Emelin and loses puck.
7:59 of 2nd period - Shot by Filip Forsberg.
7:59 of 2nd period - Deflect By Jonathan Drouin.
7:59 of 2nd period - Shot Blocked by Brent Seabrook.
8:42 of 2nd period - Shot by Loui Eriksson.
8:42 of 2nd period - Shot Misses the Net.
8:44 of 2nd period - Shot by Andrew Campbell.
8:44 of 2nd period - Shot Misses the Net.
8:46 of 2nd period - Shot by Loui Eriksson.
8:46 of 2nd period - Stopped by Keith Kinkaid without a rebound.
8:47 of 2nd period - David Backes wins face-off versus Mikhail Grabovski in MapleLeafs zone.
9:06 of 2nd period - Shot by Jay Beagle.
9:06 of 2nd period - Shot Blocked by Eric Gryba.
9:08 of 2nd period - Shot by David Backes.
9:08 of 2nd period - Shot Misses the Net.
9:10 of 2nd period - Shot by David Backes.
9:10 of 2nd period - Deflect By Jay Beagle.
9:10 of 2nd period - Stopped by Mike Condon without a rebound.
9:11 of 2nd period - Joffrey Lupul wins face-off versus Sean Monahan in RedWings zone.
9:11 of 2nd period - Joffrey Lupul is hit by Paul Martin.
9:20 of 2nd period - David Pastrnak is hit by Richard Panik and loses puck.
9:32 of 2nd period - David Pastrnak is hit by Jamie Oleksiak and loses puck.
10:27 of 2nd period - Shot by Filip Forsberg.
10:27 of 2nd period - Shot Misses the Net.
10:29 of 2nd period - Shot by Tyler Toffoli.
10:29 of 2nd period - Shot Misses the Net.
11:30 of 2nd period - Shot by Milan Lucic.
11:30 of 2nd period - Shot Blocked by Erik Haula.
11:32 of 2nd period - Shot by Nick Leddy.
11:32 of 2nd period - Shot Misses the Net.
12:58 of 2nd period - Vincent Lecavalier is hit by Nick Leddy and loses puck.
13:01 of 2nd period - Shot by Andrew Cogliano.
13:01 of 2nd period - Goal by Andrew Cogliano - MapleLeafs : 1 - RedWings : 3.
13:02 of 2nd period - Scott Laughton wins face-off versus Tyler Toffoli in neutral zone.
13:14 of 2nd period - Shot by Thomas Hickey.
13:14 of 2nd period - Shot Misses the Net.
13:16 of 2nd period - Shot by Tyler Toffoli.
13:16 of 2nd period - Shot Misses the Net.
13:20 of 2nd period - Shot by Jonathan Drouin.
13:20 of 2nd period - Stopped by Keith Kinkaid without a rebound.
13:21 of 2nd period - Mikhail Grabovski wins face-off versus David Backes in MapleLeafs zone.
14:18 of 2nd period - Shot by Andreas Athanasiou.
14:18 of 2nd period - Goal by Andreas Athanasiou - MapleLeafs : 2 - RedWings : 3.
14:19 of 2nd period - Sean Monahan wins face-off versus Mikael Backlund in neutral zone.
14:41 of 2nd period - Mikael Backlund is hit by Kevin Connauton and loses puck.
14:52 of 2nd period - Shot by Joonas Donskoi.
14:52 of 2nd period - Deflect By Jonathan Marchessault.
14:52 of 2nd period - Shot Misses the Net.
14:54 of 2nd period - Shot by Joonas Donskoi.
14:54 of 2nd period - Stopped by Mike Condon without a rebound.
14:55 of 2nd period - Riley Sheahan wins face-off versus Tyler Toffoli in RedWings zone.
15:20 of 2nd period - Eric Gryba is hit by Alexei Emelin and loses puck.
15:50 of 2nd period - Shot by Kris Russell.
15:50 of 2nd period - Stopped by Mike Condon without a rebound.
15:51 of 2nd period - David Backes wins face-off versus Sean Monahan in RedWings zone.
16:48 of 2nd period - Icing by Jonathan Marchessault.
16:49 of 2nd period - Mikael Backlund wins face-off versus Mikhail Grabovski in MapleLeafs zone.
17:06 of 2nd period - Shot by Jonathan Marchessault.
17:06 of 2nd period - Stopped by Mike Condon without a rebound.
17:07 of 2nd period - Scott Laughton wins face-off versus Tyler Toffoli in RedWings zone.
17:18 of 2nd period - Shot by Andreas Athanasiou.
17:18 of 2nd period - Stopped by Mike Condon with a rebound.
17:32 of 2nd period - Shot by Paul Martin.
17:32 of 2nd period - Stopped by Keith Kinkaid without a rebound.
17:33 of 2nd period - Mikhail Grabovski wins face-off versus Joonas Donskoi in MapleLeafs zone.
17:55 of 2nd period - Joonas Donskoi is hit by Eric Gryba and loses puck.
18:10 of 2nd period - Minor Penalty to Erik Haula for Hooking.
18:11 of 2nd period - David Backes wins face-off versus Filip Forsberg in RedWings zone.
18:28 of 2nd period - Shot by Brent Seabrook.
18:28 of 2nd period - Stopped by Mike Condon without a rebound.
18:29 of 2nd period - Filip Forsberg wins face-off versus David Backes in RedWings zone.
18:37 of 2nd period - Icing by Alexei Emelin.
18:38 of 2nd period - David Backes wins face-off versus Filip Forsberg in MapleLeafs zone.
19:03 of 2nd period - Shot by David Backes.
19:03 of 2nd period - Stopped by Mike Condon without a rebound.
19:04 of 2nd period - Mikael Backlund wins face-off versus Filip Forsberg in RedWings zone.
19:17 of 2nd period - Shot by Sean Monahan.
19:17 of 2nd period - Shot Blocked by Mikael Backlund.
Goals for this period are 1 for MapleLeafs vs 1 for RedWings.
Shots for this period are 12 for MapleLeafs vs 13 for RedWings.

3rd period


0:01 of 3rd period - Filip Forsberg wins face-off versus Jay Beagle in neutral zone.
1:05 of 3rd period - Sean Monahan is hit by Jamie Oleksiak and loses puck.
1:17 of 3rd period - Minor Penalty to Eric Gelinas for Delaying the game.
1:18 of 3rd period - David Backes wins face-off versus Sean Monahan in MapleLeafs zone.
1:42 of 3rd period - Shot by David Pastrnak.
1:42 of 3rd period - Shot Misses the Net.
2:32 of 3rd period - Shot by Tyler Toffoli.
2:32 of 3rd period - Stopped by Keith Kinkaid with a rebound.
2:34 of 3rd period - Shot by Andrew Campbell.
2:34 of 3rd period - Shot Misses the Net.
2:36 of 3rd period - Shot by Filip Forsberg.
2:36 of 3rd period - Stopped by Keith Kinkaid with a rebound.
2:54 of 3rd period - Shot by Sean Monahan.
2:54 of 3rd period - Stopped by Keith Kinkaid with a rebound.
3:04 of 3rd period - Shot by Eric Gryba.
3:04 of 3rd period - Shot Blocked by Nick Leddy.
3:06 of 3rd period - Shot by Kevin Connauton.
3:06 of 3rd period - Shot Blocked by Riley Sheahan.
3:10 of 3rd period - Shot by Sean Monahan.
3:10 of 3rd period - Shot Blocked by Nick Leddy.
3:38 of 3rd period - Jamie Oleksiak is hit by Andrew Cogliano and loses puck.
4:51 of 3rd period - Sven Andrighetto is hit by Alexei Emelin and loses puck.
5:07 of 3rd period - Minor Penalty to Filip Forsberg for Holding.
5:08 of 3rd period - David Backes wins face-off versus Erik Haula in RedWings zone.
5:25 of 3rd period - Shot by David Backes.
5:25 of 3rd period - Deflect By Jay Beagle.
5:25 of 3rd period - Stopped by Mike Condon with a rebound.
7:19 of 3rd period - Shot by Richard Panik.
7:19 of 3rd period - Shot Misses the Net.
7:21 of 3rd period - Shot by Richard Panik.
7:21 of 3rd period - Shot Misses the Net.
7:23 of 3rd period - Shot by Riley Sheahan.
7:23 of 3rd period - Stopped by Mike Condon without a rebound.
7:24 of 3rd period - David Backes wins face-off versus Tyler Toffoli in RedWings zone.
8:33 of 3rd period - Shot by Loui Eriksson.
8:33 of 3rd period - Shot Misses the Net.
8:38 of 3rd period - Loui Eriksson is hit by Jamie Oleksiak.
8:59 of 3rd period - Minor Penalty to Jamie Oleksiak for Hooking.
9:00 of 3rd period - David Backes wins face-off versus Micheal Ferland in MapleLeafs zone.
9:00 of 3rd period - David Backes is hit by Micheal Ferland.
9:58 of 3rd period - Shot by Sean Monahan.
9:58 of 3rd period - Shot Misses the Net.
10:00 of 3rd period - Shot by Eric Gryba.
10:00 of 3rd period - Shot Hit the Post.
10:02 of 3rd period - Shot by Sean Monahan.
10:02 of 3rd period - Stopped by Keith Kinkaid without a rebound.
10:03 of 3rd period - Tyler Toffoli wins face-off versus Andreas Athanasiou in MapleLeafs zone.
10:13 of 3rd period - Shot by Erik Haula.
10:13 of 3rd period - Stopped by Keith Kinkaid without a rebound.
10:14 of 3rd period - Mikael Backlund wins face-off versus Sean Monahan in MapleLeafs zone.
11:15 of 3rd period - Shot by Thomas Hickey.
11:15 of 3rd period - Stopped by Keith Kinkaid without a rebound.
11:16 of 3rd period - Mikhail Grabovski wins face-off versus Mikael Backlund in MapleLeafs zone.
11:42 of 3rd period - Off-side.
11:43 of 3rd period - Vincent Lecavalier wins face-off versus David Backes in neutral zone.
12:01 of 3rd period - Off-side.
12:02 of 3rd period - Sean Monahan wins face-off versus Riley Sheahan in neutral zone.
13:10 of 3rd period - Shot by Milan Lucic.
13:10 of 3rd period - Stopped by Mike Condon without a rebound.
13:11 of 3rd period - Mikael Backlund wins face-off versus Tyler Toffoli in RedWings zone.
13:16 of 3rd period - Shot by Joonas Donskoi.
13:16 of 3rd period - Shot Misses the Net.
13:52 of 3rd period - Icing by Thomas Hickey.
13:53 of 3rd period - Jonathan Drouin wins face-off versus David Backes in RedWings zone.
13:53 of 3rd period - Jonathan Drouin is hit by Milan Lucic.
13:59 of 3rd period - Thomas Hickey is hit by David Backes and loses puck.
14:35 of 3rd period - Minor Penalty to Milan Lucic for Elbowing.
14:36 of 3rd period - Sean Monahan wins face-off versus David Backes in MapleLeafs zone.
14:45 of 3rd period - Shot by Sean Monahan.
14:45 of 3rd period - Shot Blocked by Mikael Backlund.
14:47 of 3rd period - Shot by Andrew Campbell.
14:47 of 3rd period - Stopped by Keith Kinkaid without a rebound.
14:48 of 3rd period - David Backes wins face-off versus Sean Monahan in MapleLeafs zone.
15:09 of 3rd period - Shot by David Pastrnak.
15:09 of 3rd period - Stopped by Keith Kinkaid with a rebound.
15:22 of 3rd period - Off-side.
15:23 of 3rd period - Scott Laughton wins face-off versus Tyler Toffoli in neutral zone.
15:35 of 3rd period - Icing by Kevin Connauton.
15:36 of 3rd period - David Backes wins face-off versus Tyler Toffoli in RedWings zone.
15:53 of 3rd period - Shot by Filip Forsberg.
15:53 of 3rd period - Shot Blocked by Alexei Emelin.
15:55 of 3rd period - Shot by Erik Haula.
15:55 of 3rd period - Shot Blocked by David Backes.
15:57 of 3rd period - Shot by Filip Forsberg.
15:57 of 3rd period - Stopped by Keith Kinkaid without a rebound.
15:58 of 3rd period - Sean Monahan wins face-off versus Scott Laughton in MapleLeafs zone.
16:01 of 3rd period - Shot by Jonathan Drouin.
16:01 of 3rd period - Shot Blocked by Nick Leddy.
16:03 of 3rd period - Shot by Sean Monahan.
16:03 of 3rd period - Shot Misses the Net.
16:05 of 3rd period - Shot by Paul Martin.
16:05 of 3rd period - Shot Blocked by Kris Russell.
16:07 of 3rd period - Shot by Paul Martin.
16:07 of 3rd period - Shot Misses the Net.
16:09 of 3rd period - Shot by Paul Martin.
16:09 of 3rd period - Shot Misses the Net.
16:25 of 3rd period - Shot by Andrew Campbell.
16:25 of 3rd period - Shot Misses the Net.
16:27 of 3rd period - Shot by Jonathan Drouin.
16:27 of 3rd period - Stopped by Keith Kinkaid with a rebound.
16:35 of 3rd period - Shot by Sean Monahan.
16:35 of 3rd period - Shot Blocked by Brent Seabrook.
17:11 of 3rd period - Shot by Joonas Donskoi.
17:11 of 3rd period - Shot Misses the Net.
17:13 of 3rd period - Shot by Joonas Donskoi.
17:13 of 3rd period - Stopped by Mike Condon without a rebound.
17:14 of 3rd period - David Backes wins face-off versus Vincent Lecavalier in RedWings zone.
17:15 of 3rd period - Shot by Milan Lucic.
17:15 of 3rd period - Deflect By David Backes.
17:15 of 3rd period - Shot Blocked by Thomas Hickey.
17:35 of 3rd period - Shot by Kevin Connauton.
17:35 of 3rd period - Stopped by Keith Kinkaid without a rebound.
17:36 of 3rd period - Scott Laughton wins face-off versus Loui Eriksson in MapleLeafs zone.
17:42 of 3rd period - Off-side.
17:43 of 3rd period - Loui Eriksson wins face-off versus Scott Laughton in neutral zone.
17:46 of 3rd period - Shot by Sean Monahan.
17:46 of 3rd period - Shot Misses the Net.
18:22 of 3rd period - Shot by David Pastrnak.
18:22 of 3rd period - Deflect By Loui Eriksson.
18:22 of 3rd period - Shot Misses the Net.
18:47 of 3rd period - Icing by David Backes.
18:48 of 3rd period - Tyler Toffoli wins face-off versus David Backes in MapleLeafs zone.
18:48 of 3rd period - Tyler Toffoli is hit by Alexei Emelin.
19:00 of 3rd period - MapleLeafs, Keith Kinkaid is pulled from the net.
19:12 of 3rd period - Shot by Milan Lucic.
19:12 of 3rd period - Stopped by Mike Condon without a rebound.
19:13 of 3rd period - David Backes wins face-off versus Erik Haula in RedWings zone.
19:35 of 3rd period - Shot by Jay Beagle.
19:35 of 3rd period - Stopped by Mike Condon with a rebound.
Goals for this period are 0 for MapleLeafs vs 0 for RedWings.
Shots for this period are 6 for MapleLeafs vs 11 for RedWings.